 Dungeon Crawl Stone Soup version 0.26-a0-466-g989023bd0d (webtiles) character file.

Game seed: 4218120693939033882

68825 HoaS the Wrestler (level 15, -6/76 HPs)
             Began as a Gargoyle Gladiator on July 31, 2020.
             Was the Champion of Makhleb.
             Mangled by an orc knight
             ... wielding a +0 battleaxe
              (18 damage)
             ... on level 2 of the Orcish Mines.
             The game lasted 00:54:52 (19819 turns).

HoaS the Wrestler (Gargoyle Gladiator)             Turns: 19819, Time: 00:54:53

Health: -6/76      AC: 27    Str: 30    XL:     15   Next: 27%
Magic:  0/15       EV:  8    Int:  9    God:    Makhleb [******]
Gold:   2203       SH:  0    Dex: 11    Spells: 14/14 levels left

rFire    + . .     SeeInvis +     - Unarmed
rCold    + . .     Faith    .   (no shield)
rNeg     + . .     Spirit   +   J - +0 plate armour
rPois    ∞         Reflect  .   v - +1 helmet {SInv}
rElec    +         Harm     .   N - scarf {rC+ rF+}
rCorr    +                      u - +1 pair of gloves
MR       +....                  n - +1 pair of boots
Stlth    ..........             r - amulet of guardian spirit
HPRegen  0.22/turn              q - +6 ring of strength
MPRegen  0.14/turn              Q - ring of resist corrosion

@: flying
A: big wings, negative energy resistance 1, electricity resistance, unbreathing,
petrification resistance, rot immunity, AC +11
a: Stop Flying, Minor Destruction, Lesser Servant of Makhleb, Major Destruction,
Greater Servant of Makhleb, Renounce Religion


You were on level 2 of the Orcish Mines.
You worshipped Makhleb.
Makhleb was exalted by your worship.
You visited 4 branches of the dungeon, and saw 21 of its levels.
You also visited: Sewer.

You collected 2203 gold pieces.

Inventory:

Missiles
 l - 68 poisoned darts (quivered)
 p - 49 boomerangs
 G - 13 curare-tipped darts
 H - 15 javelins
Armour
 n - a +1 pair of boots (worn)
 u - a +1 pair of gloves (worn)
 v - a +1 helmet of see invisible (worn)
 J - a +0 plate armour (worn)
 N - a scarf of resistance (worn)
Jewellery
 q - a +6 ring of strength (left hand)
 r - an amulet of guardian spirit (around neck)
 I - an uncursed ring of protection from fire
 Q - a ring of resist corrosion (right hand)
Wands
 b - a wand of random effects (50)
 c - a wand of disintegration (12)
 j - a wand of digging (8)
 w - a wand of enslavement (10)
 x - a wand of acid (22)
 z - a wand of flame (40)
 C - a wand of iceblast (14)
 E - a wand of clouds (6)
 K - a wand of paralysis (7)
 M - a wand of polymorph (13)
Scrolls
 a - a scroll of identify
 f - 7 scrolls of teleportation
 h - 14 scrolls of remove curse
 i - 7 scrolls of fear
 s - a scroll of enchant armour
 t - 2 scrolls of fog
 y - a scroll of magic mapping
 D - 4 scrolls of blinking
Potions
 d - 12 potions of flight
 e - 7 potions of lignification
 g - 3 potions of haste
 k - a potion of might
 m - 3 potions of ambrosia
 o - 13 potions of curing
 B - 2 potions of cancellation
 F - a potion of mutation
 L - a potion of resistance
 P - 2 potions of berserk rage


   Skills:
 - Level 2.1 Fighting
 - Level 1.7 Throwing
 - Level 2.4 Dodging
 + Level 23.6 Unarmed Combat


You had 14 spell levels left.
You didn't know any spells.
Your spell library contained the following spells:

 Spells                   Type           Power        Failure   Level
 Ice Form                 Ice/Tmut       #.......     100%        4
 Metabolic Englaciation   Hex/Ice        #.........   100%        5
 Freezing Cloud           Conj/Ice/Air   #.........   100%        6
 Ozocubu's Refrigeration  Ice            #.........   100%        6
 Simulacrum               Ice/Necr       #.........   100%        6


Dungeon Overview and Level Annotations

Branches:
Dungeon (12/15)            Temple (1/1) D:6            Lair (6/6) D:8
  Swamp (0/4) Lair:2       Spider (0/4) Lair:3        Slime (0/5) Lair:6
    Orc (2/2) D:9           Sewer (visited)
    Elf: Orc:2

Altars:
Ashenzari
Cheibriados
Dithmenos
Elyvilon
Fedhas
Gozag
Hepliaklqana
Kikubaaqudgha
Makhleb
Nemelex Xobeh
Okawaru
Qazlal
Ru
Sif Muna
Trog
Uskayaw
Vehumet
Wu Jian
Xom
Yredelemnul
Zin
The Shining One
Beogh

Shops:
D:5 (   D:7 (   D:8 *:==(


Innate Abilities, Weirdness & Mutations

You are resistant to torment.
Your stone body is resilient. (AC +11)
You are immune to poison.
Your large and strong wings let you fly indefinitely.
You resist negative energy. (rN+)
You are resistant to electric shocks. (rElec)
You can survive without breathing.
You are immune to petrification.
You are immune to rotting.


Message History

The two-headed ogre hits you with a +0 giant club!
The two-headed ogre hits you but does no damage.
You pummel the two-headed ogre!!
You kill the two-headed ogre!
Makhleb accepts your kill.
The orc knight hits you with a +0 battleaxe!
* * * LOW HITPOINT WARNING * * *
Things that are here:
a +0 giant club; a cursed -1 giant spiked club You pummel the orc knight!!
The orc knight is moderately wounded.
The orc wizard no longer looks unusually strong.
The orc knight roars a battlecry!
The orc wizard goes into a battle-frenzy!
You hit the orc knight.
The orc knight is moderately wounded.
You punch the orc knight!
The orc knight is heavily wounded.
The orc knight hits you with a +0 battleaxe!!
You die...

#.# ##≈≈#
##.## ##≈≈#
#...# ##≈≈≈#
##...##
#≈§§##
#.....# #≈≈≈#
#.o4..# #§≈≈#
#.oT3$# #≈≈≈#
###o### #...#
#@# #...#
#'######'###
#......#...#
######'###.#
#.....#.#
#.._..'.#
#.....#.#
#######)###.#
#.....#)....#


You could see an orc knight, a hellwing (summoned), a troll, a sixfirhy
(summoned), an orc sorcerer (strong) and an orc wizard (strong).

Vanquished Creatures
  Rupert (Lair:3)
  7 hydras
  3 catoblepae (Lair:6)
  5 two-headed ogres
  The ghost of Wiawib the Basher, a journeyman GrFi of Trog (Lair:1)
  8 death yaks (Lair:6)
  3 unseen horrors
  Pikel (D:4)
  A lindwurm (Lair:6)
  An oklob plant (Lair:3)
  3 cyclopes
  An orc knight (Orc:2)
  2 orc sorcerers (Orc:1)
  An ugly thing (D:11)
  Joseph (D:8)
  9 elephants
  2 black mambas (Lair:6)
  4 manticores
  Psyche (D:8)
  2 torpor snails
  Maggie (D:6)
  9 cane toads
  2 gargoyles (D:11)
  7 komodo dragons
  A rime drake (Lair:1)
  3 trolls
  A tyrant leech (Lair:2)
  A wind drake (shapeshifter) (D:11)
  3 polar bears
  11 dream sheep
  20 blink frogs
  7 hippogriffs
  Grinder (D:6)
  3 redbacks (Lair:3)
  Sigmund (D:4)
  A vampire (D:11)
  A wyvern (Lair:5)
  71 yaks
  3 spriggans (Lair:1)
  Grum (D:8)
  2 vampire mosquitoes (D:12)
  3 basilisks
  A steam dragon (D:11)
  Edmund (D:6)
  5 wargs
  2 insubstantial wisps (D:11)
  10 water moccasins
  6 porcupines
  16 orc warriors
  5 sky beasts
  2 black bears
  The ghost of SatoMori the Chopper, an amateur MiBe of Trog (D:3)
  3 ice beasts
  4 phantoms
  6 wolves
  19 ogres
  2 eyes of draining
  4 centaurs
  8 crocodiles
  4 big kobolds
  11 bullfrogs
  4 gnoll sergeants (D:9)
  A water moccasin zombie (D:5)
  6 scorpions
  6 killer bees (D:8)
  2 howler monkeys (D:8)
  4 wights (D:11)
  2 electric eels (D:9)
  A crimson imp (D:8)
  A bullfrog zombie (D:10)
  6 hounds
  2 quasits
  7 jellies
  10 orc priests
  A bullfrog skeleton (D:11)
  12 orc wizards
  5 centaur skeletons
  3 iguanas
  6 worker ants
  A bullfrog simulacrum (D:9)
  A hound skeleton (D:10)
  14 gnolls
  2 river rats (Sewer)
  14 adders
  A howler monkey skeleton (D:4)
  4 white imps
  2 ufetubi (D:5)
  2 oozes
  An adder skeleton (D:9)
  A worm (D:4)
  3 dart slugs (D:1)
  An adder simulacrum (D:9)
  7 leopard geckos
  67 orcs
  2 ball pythons
  3 giant cockroaches
  11 goblins
  9 hobgoblins
  13 jackals
  19 kobolds
  7 quokkas
  7 bats
  4 frilled lizards
  14 rats
  A fungus (D:11)
  2 plants (Lair:6)
612 creatures vanquished.

Vanquished Creatures (others)
  A quokka (D:5)
  2 fungi
  6 plants
9 creatures vanquished.

Grand Total: 621 creatures vanquished

Notes
Turn   | Place    | Note
-------+----------+-------------------------------------------
     0 | D:1      | HoaS the Gargoyle Gladiator began the quest for the Orb.
     0 | D:1      | Reached XP level 1. HP: 12/12 MP: 1/1
   135 | D:1      | Reached XP level 2. HP: 17/17 MP: 2/2
   281 | D:1      | Reached skill level 4 in Unarmed Combat
   299 | D:1      | Reached XP level 3. HP: 13/21 MP: 3/3
  1372 | D:2      | Reached XP level 4. HP: 17/26 MP: 4/4
  1548 | D:2      | Reached skill level 5 in Unarmed Combat
  2394 | D:3      | Reached XP level 5. HP: 30/30 MP: 5/5
  2785 | D:3      | Noticed SatoMori's ghost (amateur MiBe)
  2786 | D:3      | Found a transporter.
  2786 | D:3      | Identified the +8 great mace of the Lonely Beds {flame, rF+
                  | rC- Str+3 Int+3}
  2786 | D:3      | Noticed an ogre
  2787 | D:3      | Noticed an ogre
  2790 | D:3      | Found a transporter.
  2937 | D:4      | Reached skill level 6 in Unarmed Combat
  2973 | D:4      | Reached XP level 6. HP: 6/35 MP: 1/6
  3251 | D:4      | Reached skill level 7 in Unarmed Combat
  3366 | D:4      | Found a glowing drain.
  3388 | Sewer    | Entered a sewer
  3472 | Sewer    | Reached XP level 7. HP: 37/40 MP: 4/7
  3491 | Sewer    | Found a glowing silver altar of Zin.
  3642 | D:4      | Noticed Sigmund
  3669 | D:4      | Killed Sigmund
  3669 | D:4      | Reached skill level 8 in Unarmed Combat
  4045 | D:4      | Noticed Pikel
  4072 | D:4      | HP: 1/40 [lemure[Pikel] (6)]
  4074 | D:4      | Killed Pikel
  4074 | D:4      | Reached skill level 10 in Unarmed Combat
  4074 | D:4      | Reached XP level 8. HP: 1/44 MP: 0/8
  4645 | D:5      | Entered Level 5 of the Dungeon
  5424 | D:5      | Reached skill level 11 in Unarmed Combat
  5428 | D:5      | Found a white marble altar of Elyvilon.
  5466 | D:5      | Found Deschonefi's Antique Weapon Boutique.
  5682 | D:6      | Noticed Edmund
  5706 | D:6      | Killed Edmund
  5706 | D:6      | Reached XP level 9. HP: 48/48 MP: 7/9
  5891 | D:6      | Noticed Maggie
  5925 | D:6      | Killed Maggie
  5925 | D:6      | Reached skill level 12 in Unarmed Combat
  6139 | D:6      | Found a staircase to the Ecumenical Temple.
  6145 | Temple   | Entered the Ecumenical Temple
  6385 | D:6      | Noticed Grinder
  6393 | D:6      | Killed Grinder
  6500 | D:7      | Found Xinooxukk's Antique Weapon Shoppe.
  6721 | D:7      | Reached skill level 13 in Unarmed Combat
  7112 | D:8      | Found a burning altar of Makhleb.
  7119 | D:8      | Became a worshipper of Makhleb the Destroyer
  7127 | D:8      | Noticed Grum
  7143 | D:8      | Reached XP level 10. HP: 34/53 MP: 8/10
  7154 | D:8      | Killed Grum
  7158 | D:8      | Found Malumuli's Book Boutique.
  7181 | D:8      | Found Myf Laq's Antique Weapon Shop.
  7182 | D:8      | Found Ifuwida's Jewellery Shoppe.
  7236 | D:8      | Found Yppesuc's Jewellery Boutique.
  7395 | D:8      | Noticed Joseph
  7408 | D:8      | Killed Joseph
  7408 | D:8      | Reached skill level 14 in Unarmed Combat
  7422 | D:8      | Noticed Psyche
  7426 | D:8      | Killed Psyche
  7740 | D:8      | Reached * piety under Makhleb
  7953 | D:8      | Found a staircase to the Lair.
  7977 | D:8      | Found Cuutzoig's Assorted Antiques.
  8174 | D:8      | Noticed a two-headed ogre
  8212 | D:8      | Killed a two-headed ogre
  8212 | D:8      | Reached skill level 15 in Unarmed Combat
  8419 | D:9      | Noticed a two-headed ogre
  8681 | D:9      | Killed a two-headed ogre
  8681 | D:9      | Reached XP level 11. HP: 43/57 MP: 7/11
  9082 | D:9      | Reached skill level 16 in Unarmed Combat
  9220 | D:9      | Found a staircase to the Orcish Mines.
  9282 | D:9      | Reached ** piety under Makhleb
  9454 | D:10     | Entered Level 10 of the Dungeon
  9999 | Lair:1   | Entered Level 1 of the Lair of Beasts
 10054 | Lair:1   | Reached skill level 17 in Unarmed Combat
 10104 | Lair:1   | Reached *** piety under Makhleb
 10661 | Lair:1   | Found a runed translucent door.
 10665 | Lair:1   | Identified the +2 trident of the Messenger {vorpal, Str+5
                  | Stlth-}
 10665 | Lair:1   | Noticed Wiawib's ghost (journeyman GrFi)
 10899 | D:3      | Killed SatoMori's ghost
 11259 | Lair:2   | You fall into a shaft and drop 2 floors!
 11292 | Lair:4   | Reached XP level 12. HP: 62/62 MP: 12/12
 11331 | Lair:3   | Noticed a seven-headed hydra
 11350 | Lair:3   | Killed a seven-headed hydra
 11350 | Lair:3   | Reached skill level 18 in Unarmed Combat
 11500 | Lair:3   | Found a hole to the Spider Nest.
 11502 | Lair:3   | Noticed Rupert
 11517 | Lair:3   | Killed Rupert
 11623 | Lair:2   | Reached skill level 19 in Unarmed Combat
 11679 | Lair:2   | Noticed a six-headed hydra
 11679 | Lair:2   | Noticed an eight-headed hydra
 11709 | Lair:2   | Killed an eight-headed hydra
 11722 | Lair:2   | Killed a six-headed hydra
 11722 | Lair:2   | Reached **** piety under Makhleb
 12087 | Lair:2   | Reached XP level 13. HP: 65/66 MP: 13/13
 12597 | Lair:2   | Found a staircase to the Swamp.
 13014 | Lair:3   | Reached skill level 20 in Unarmed Combat
 13267 | Lair:3   | HP: 3/66 [water moccasin (1)]
 13711 | Lair:4   | You fall into a shaft and drop 2 floors!
 13711 | Lair:6   | Entered Level 6 of the Lair of Beasts
 13801 | Lair:6   | Found a staircase to the Slime Pits.
 13837 | Lair:6   | Reached ***** piety under Makhleb
 13843 | Lair:6   | Reached skill level 21 in Unarmed Combat
 14069 | Lair:5   | Gained mutation: Your large and strong wings let you fly
                  | indefinitely. [Gargoyle growth]
 14069 | Lair:5   | Reached XP level 14. HP: 72/72 MP: 12/14
 15497 | Lair:6   | Reached skill level 22 in Unarmed Combat
 16832 | Lair:1   | Killed Wiawib's ghost
 17600 | D:11     | Found the +7 Singing Sword {vorpal, sonic wave}
 17680 | D:11     | Reached skill level 23 in Unarmed Combat
 18139 | D:12     | Reached XP level 15. HP: 76/76 MP: 15/15
 18189 | D:12     | Reached ****** piety under Makhleb
 18631 | Orc:1    | Entered Level 1 of the Orcish Mines
 19202 | Orc:1    | Found a bloodstained altar of Trog.
 19439 | Orc:2    | Entered Level 2 of the Orcish Mines
 19744 | Orc:2    | Found a roughly hewn altar of Beogh.
 19819 | Orc:2    | Mangled by an orc knight

Illustrated notes

Levels and vault maps discovered:
D:1:      dpeg_cavernosity, layout_basic
D:2:      layout_loops_ring, grunt_ministairs_10, minmay_pentomino_q2
D:3:      layout_basic, gammafunk_ghost_smash
D:4:      layout_cave_pods, gup_sewer_entry_bubbles, uniq_pikel, uniq_sigmund
D:5:      layout_basic, serial_shops, shop, elyvilon_altar_4
D:6:      layout_rooms, temple_green, uniq_edmund, uniq_maggie, uniq_grinder
D:7:      layout_basic, serial_shops, shop
D:8:      layout_basic, makhleb_grotto_becter, erik_lair_orcish_takeover,
          serial_shops, shop, nicolae_shop_trees, shop, nicolae_shop_crystal,
          nicolae_shop_overgrown_old_shop, uniq_grum, uniq_joseph, uniq_psyche
D:9:      layout_cave_pools, kennysheep_orc_monster_closet_entryway, serial_ice,
          serial_ice_a, serial_ice_c, serial_ice_m, serial_ice_l
D:10:     layout_roguey
D:11:     old_forge, layout_basic, hangedman_misty_isle
D:12:     layout_long_grid
Temple:   kilobyte_greek_temple
Lair:1:   layout_regular_city, ebering_ghost_funeral_grove, grunt_megastairs_5
Lair:2:   layout_layer_cave, palyth_hydra_swamp_entry
Lair:3:   layout_big_grid, spider_nest_entry_webs, uniq_rupert
Lair:4:   layout_roguey, portal_ice_cave_entry_pillars_2
Lair:5:   layout_regular_city, infiniplex_staircase_pool_2, grunt_megastairs_2
Lair:6:   evilmike_catoblepas_cave, layout_hall_layers, slime_dummy,
          nicolae_volcano_entry_vermiform
Orc:1:    layout_caves, basic_altar
Orc:2:    pubby_orc_utopia

Skill      XL: |  1  2  3  4  5  6  7  8  9 10 11 12 13 14 |
---------------+-------------------------------------------+-----
Unarmed Combat | 4 5 6 7 10 11 13 15 17 19 21 23 | 23.6
Fighting       | |  2.1
Throwing       | |  1.7
Dodging        | |  2.4

Action                   |  1- 3 |  4- 6 |  7- 9 | 10-12 | 13-15 || total
-------------------------+-------+-------+-------+-------+-------++-------
Melee: Unarmed           |   112 |   260 |   300 |   650 |   972 ||  2294
       Punch             |       |     7 |    18 |    53 |   101 ||   179
Throw: Throwing net      |       |     2 |     1 |     1 |       ||     4
       Dart              |       |       |       |     8 |       ||     8
       Javelin           |       |       |       |       |     5 ||     5
 Abil: Fly               |       |       |       |       |     1 ||     1
Evoke: Wand              |       |       |       |     4 |       ||     4
  Use: Scroll            |     4 |     6 |     6 |     9 |     7 ||    32
       Potion            |       |       |       |     5 |     1 ||     6
 Stab: Sleeping          |       |       |     1 |       |       ||     1
       Held in net/web   |       |       |       |     1 |     3 ||     4
Armor: Leather armour    |    33 |    32 |       |       |       ||    65
       Ring mail         |       |    40 |    79 |       |       ||   119
       Acid dragon scale |       |       |    52 |    45 |       ||    97
       Plate armour      |       |       |       |   362 |   597 ||   959
Dodge: Dodged            |    62 |   117 |   140 |   247 |   321 ||   887

Table legend: (Time is in decaauts)
 A = Elapsed time spent in this place.
 B = Non-inter-level travel time spent in this place.
 C = Inter-level travel time spent in this place.
 D = Time resting spent in this place.
 E = Time spent auto-exploring this place.
 F = Levels seen in this place.
 G = Mean time per level.
                   A        B        C        D        E       F      G
               +--------+--------+--------+--------+--------+-----+--------+
         Total |  19164 |  17615 |   1549 |   2858 |  10757 |  22 |  871.1 |
       Dungeon |  11658 |  10759 |    899 |   2023 |   6452 |  12 |  971.5 |
        Temple |    179 |    179 |      0 |      0 |    128 |   1 |  179.0 |
          Lair |   6321 |   5691 |    630 |    831 |   3557 |   6 | 1053.5 |
  Orcish Mines |    843 |    825 |     18 |      4 |    506 |   2 |  421.5 |
         Sewer |    162 |    162 |      0 |      0 |    113 |   1 |  162.0 |
               +--------+--------+--------+--------+--------+-----+--------+

Top non-repeatable levels by time:
     D:4: 1611 daAuts
  Lair:6: 1539 daAuts
     D:8: 1525 daAuts
  Lair:2: 1444 daAuts
     D:9: 1204 daAuts
     D:1: 1176 daAuts
     D:2: 1156 daAuts
  Lair:1: 1071 daAuts
     D:5: 1044 daAuts
  Lair:3: 839 daAuts
    D:11: 770 daAuts
  Lair:4: 739 daAuts
    D:12: 732 daAuts
  Lair:5: 688 daAuts
     D:3: 671 daAuts
